Map: 2000 Atmospheres LE

Players

GogojOey

  • Race: Zerg Zerg

Has - Winner!

  • Race: Protoss Protoss

Event: DreamHack SC2 Masters 2021 Fall

VOD

Have the link to the VOD?

Description

Time

  • Played on: July 29, 2021, 8:10 a.m.
  • Length: 11:50

All games in this series

Show
View Real Time Build Order
Export as new Build Order

GogojOey Zerg 

Build Orders: Hatch First 

Get SALT Encoding   

  12  0:00  Drone  
  13  0:12  Overlord  
  13  0:16  Drone  
  14  0:31  Drone x2  
  16  0:35  Drone  
  17  0:51  Hatchery  
  17  0:54  Drone  
  17  0:57  Drone  
  18  1:07  Extractor  
  17  1:13  Spawning Pool  
  17  1:15  Drone  
  17  1:17  Drone  
  18  1:28  Drone  
  19  1:42  Hatchery  
  19  1:44  Drone  
  19  1:49  Drone  
  21  2:08  Overlord  
  21  2:12  Zergling x2  
  21  2:13  Hatchery  
  21  2:22  Drone  
  22  2:23  Metabolic Boost  
  22  2:26  Queen  
  24  2:35  Zergling x2  
  25  2:43  Drone  
  26  2:52  Roach Warren  
  26  2:54  Zergling x2  
  26  2:55  Zergling x2  
  27  3:02  Queen  
  29  3:08  Drone  
  29  3:09  Zergling x2  
  31  3:18  Drone, Overlord  
  31  3:20  Queen  
  31  3:26  Zergling x2, Queen  
  36  3:37  Spore Crawler, Drone  
  36  3:39  Spore Crawler  
  33  3:43  Zergling x6  
  33  3:47  Drone  
  36  3:54  Roach x2  
  39  3:58  Roach  
  41  4:05  Roach  
  41  4:06  Roach  
  44  4:11  Roach  
  46  4:20  Overlord  
  46  4:21  Drone x2  
  48  4:25  Drone x2  
  48  4:29  Overlord  
  48  4:30  Drone  
  49  4:40  Drone x4  
  49  4:43  Drone  
  49  4:44  Drone  
  55  4:51  Drone x3  
  58  4:57  Queen  
  60  5:07  Drone, Overlord  
  60  5:08  Drone x3  
  60  5:12  Overlord  
  64  5:16  Spore Crawler  
  63  5:21  Overlord  
  63  5:22  Drone  
  63  5:24  Drone  
  63  5:25  Drone  
  63  5:26  Drone x3  
  65  5:30  Zergling x6  
  65  5:35  Queen  
  66  5:38  Queen  
  70  5:43  Zergling x6  
  70  5:47  Drone x2  
  75  5:55  Overlord  
  75  5:58  Drone x5  
  75  6:01  Extractor  
  75  6:02  Extractor  
  78  6:10  Roach x2  
  82  6:12  Overlord x2  
  82  6:15  Overlord  
  82  6:16  Lair  
  77  6:23  Zergling x6, Overlord  
  77  6:24  Zergling x6  
  78  6:27  Zergling x2  
  78  6:31  Roach  
  79  6:33  Queen  
  79  6:37  Zergling x2  
  82  6:42  Zergling x2, Roach  
  85  6:47  Queen, Drone x3  
  85  6:49  Drone  
  85  6:50  Drone  
  85  6:53  Drone x3  
  95  6:55  Roach x3  
  95  6:56  Evolution Chamber  
  99  7:01  Drone  
  99  7:07  Overlord x2  
  100  7:09  Drone  
  100  7:10  Queen, Drone  
  100  7:12  Extractor, Drone  
  100  7:14  Glial Reconstitution  
  104  7:18  Overseer  
  100  7:26  Drone  
  100  7:27  Drone x3  
  104  7:32  Zerg Missile Weapons Level 1  
  104  7:33  Drone x2  
  104  7:34  Extractor  
  104  7:35  Zergling x6, Roach  
  110  7:41  Zergling x4, Roach x2  
  116  7:48  Roach x2  
  119  7:55  Drone x3  
  119  7:56  Queen  
  119  7:57  Drone x2  
  125  7:59  Drone  
  125  8:02  Extractor  
  124  8:06  Drone x3  
  124  8:08  Drone  
  126  8:16  Drone x3  
  126  8:17  Queen  
  127  8:20  Hatchery, Hydralisk Den  
  127  8:25  Overlord x2  
  125  8:28  Queen  
  125  8:31  Overlord x2  
  127  8:43  Spore Crawler  
  127  8:44  Spore Crawler  
  127  8:46  Overlord  
  125  8:49  Queen  
  125  8:52  Hydralisk x4  
  135  8:57  Grooved Spines  
  135  9:01  Hydralisk x3  
  140  9:05  Hydralisk  
  141  9:10  Hydralisk  
  141  9:11  Hydralisk  
  141  9:14  Hydralisk x2  
  149  9:21  Drone x2  
  149  9:23  Hydralisk  
  149  9:26  Ravager x2  
  149  9:27  Ravager  
  152  9:35  Spore Crawler, Hatchery  
  152  9:38  Hydralisk x4  
  151  9:40  Ravager x2  
  151  9:44  Overlord  
  161  9:51  Infestation Pit  
  160  9:54  Ravager x2  
  160  9:55  Hydralisk x2  
  160  9:58  Overlord  
  166  10:03  Spore Crawler  
  166  10:04  Hydralisk x2  
  152  10:13  Hydralisk x3  
  148  10:21  Hydralisk x3  
  148  10:23  Drone  
  153  10:30  Drone x2  
  153  10:32  Drone  
  153  10:33  Drone  
  153  10:34  Drone  
  153  10:35  Drone  
  145  10:57  Drone x4  
  132  11:03  Hydralisk x9  
  129  11:08  Queen  
  129  11:09  Hydralisk  
  119  11:13  Hydralisk  
  114  11:20  Hydralisk  
  114  11:21  Hydralisk x3  
  114  11:24  Hydralisk  
Show
View Real Time Build Order
Export as new Build Order

Has Protoss - Winner!

Build Orders: Oracle Opening 

Get SALT Encoding   

  12  0:00  Probe  
  13  0:12  Probe  
  14  0:19  Pylon  
  14  0:24  Probe (Chrono Boost)  
  15  0:38  Gateway  
  15  0:39  Probe (Chrono Boost)  
  16  0:44  Probe (Chrono Boost)  
  16  0:48  Assimilator  
  17  0:53  Probe  
  18  1:05  Probe  
  18  1:08  Forge  
  19  1:17  Probe  
  20  1:29  Pylon, Probe  
  21  1:47  Photon Cannon  
  21  1:50  Zealot (Chrono Boost)  
  21  1:52  Cybernetics Core  
  21  1:53  Probe  
  24  1:59  Assimilator  
  24  2:05  Probe  
  25  2:21  Nexus  
  25  2:26  Adept (Chrono Boost)  
  27  2:35  Warp Gate  
  27  2:41  Stargate  
  27  2:47  Pylon  
  28  2:53  Adept  
  30  3:06  Shield Battery  
  30  3:07  Probe  
  30  3:18  Shield Battery  
  31  3:20  Photon Cannon  
  31  3:23  Oracle (Chrono Boost)  
  33  3:27  Probe  
  34  3:34  Pylon  
  34  3:41  Probe  
  34  3:52  Oracle (Chrono Boost), Probe  
  34  3:53  Probe  
  39  4:08  Probe  
  39  4:09  Probe  
  41  4:20  Probe  
  41  4:22  Probe  
  39  4:26  Oracle (Chrono Boost)  
  37  4:32  Probe  
  37  4:34  Probe  
  37  4:35  Assimilator  
  37  4:36  Assimilator, Adept  
  41  4:40  Pylon  
  41  4:44  Probe  
  42  4:46  Probe  
  43  4:55  Void Ray (Chrono Boost)  
  43  4:56  Probe  
  43  4:58  Probe  
  45  5:06  Adept  
  51  5:08  Pylon  
  51  5:11  Probe  
  51  5:14  Probe  
  53  5:18  Pylon  
  53  5:23  Probe  
  54  5:29  Void Ray (Chrono Boost)  
  54  5:32  Probe  
  54  5:33  Adept  
  54  5:35  Probe  
  58  5:38  Pylon  
  62  5:45  Probe  
  62  5:46  Twilight Council  
  62  5:49  Probe  
  65  5:57  Probe  
  65  6:01  Probe  
  65  6:02  Stargate x2  
  66  6:10  Probe  
  67  6:13  Probe  
  68  6:22  Nexus, Probe  
  68  6:23  Pylon  
  65  6:26  Probe  
  65  6:28  Void Ray (Chrono Boost)  
  70  6:33  Pylon x2  
  70  6:36  Void Ray (Chrono Boost), Probe  
  70  6:37  Void Ray (Chrono Boost)  
  79  6:47  Protoss Air Weapons Level 1  
  79  6:49  Probe  
  80  6:55  Assimilator, Probe  
  80  7:01  Probe  
  82  7:03  Void Ray (Chrono Boost)  
  82  7:08  Probe  
  87  7:11  Assimilator  
  87  7:12  Pylon  
  87  7:13  Probe  
  88  7:17  Void Ray (Chrono Boost)  
  88  7:20  Probe  
  88  7:21  Void Ray (Chrono Boost)  
  93  7:33  Shield Battery  
  93  7:35  Pylon, Photon Cannon  
  93  7:36  Probe x2  
  99  7:42  Pylon, Shield Battery  
  99  7:43  Probe  
  100  7:46  Void Ray (Chrono Boost)  
  100  7:48  Void Ray (Chrono Boost)  
  104  7:52  Adept  
  109  7:59  Probe x2  
  110  8:07  Void Ray (Chrono Boost), Probe  
  115  8:15  Void Ray (Chrono Boost)  
  119  8:27  Fleet Beacon  
  119  8:31  Photon Cannon  
  119  8:32  Shield Battery  
  119  8:36  Probe x2  
  119  8:38  Photon Cannon, Void Ray (Chrono Boost)  
  119  8:40  Photon Cannon  
  119  8:41  Void Ray (Chrono Boost)  
  129  8:59  Probe  
  130  9:05  Flux Vanes  
  130  9:08  Pylon  
  130  9:10  Pylon x2  
  130  9:20  Pylon, Shield Battery  
  130  9:24  Void Ray (Chrono Boost)  
  130  9:27  Void Ray x2 (Chrono Boost)  
  138  9:46  Photon Cannon  
  138  9:48  Photon Cannon  
  138  9:50  Photon Cannon  
  138  9:54  Void Ray  
  138  9:57  Void Ray x2  
  138  10:02  Photon Cannon  
  138  10:04  Photon Cannon  
  150  10:07  Shield Battery  
  150  10:31  Void Ray  
  150  10:33  Probe x3  
  150  10:34  Void Ray  
  153  10:37  Void Ray  
  137  11:04  Probe  
  137  11:05  Probe  
  137  11:07  Nexus  
  137  11:09  Pylon  
  139  11:23  Probe  
  139  11:24  Probe  
  138  11:26  Assimilator  
  138  11:27  Assimilator  
  138  11:28  Pylon  
  138  11:31  Pylon  
  138  11:32  Probe  
  138  11:33  Pylon  

Tags
 
Add a new tag
Caveats
  • Supply blocks, unpowered buildings, or Contaminate may cause inaccurate times.
  • Supply counts are checked every 10 seconds.